 Dungeon Crawl Stone Soup version 0.29-a0-887-gcbe080d7e0 (webtiles) character file.

Game seed: 16856988899835167110

168 zeratav the Stinger (level 5, -2/31 HPs)
             Began as an Octopode Venom Mage on July 21, 2022.
             Slain by Natasha (8 damage)
             ... on level 3 of the Dungeon.
             The game lasted 00:03:00 (3360 turns).

zeratav the Stinger (Octopode Venom Mage)           Turns: 3360, Time: 00:03:00

Health: -2/31      AC:  1    Str:  7    XL:     5   Next: 49%
Magic:  8/8        EV: 13    Int: 19    God:
Gold:   107        SH:  0    Dex: 13    Spells: 5/8 levels left

rFire   . . .      SeeInvis .   j - +0 dagger (venom) {short}
rCold   . . .      Faith    .   (no shield)
rNeg    . . .      Spirit   .   (helmet restricted)
rPois   .          Reflect  .   n - amulet of magic regeneration
rElec   .          Harm     .   (no ring)
rCorr   .          Rampage  .   (no ring)
Will    .....                   (no ring)
Stlth   ++++......              (no ring)
HPRegen 0.10/turn               (no ring)
MPRegen 0.51/turn               (no ring)
                                (no ring)
                                (no ring)

@: slowed, very slow
A: almost no armour, amphibious, 8 rings, camouflage 1, gelatinous body 1,
(nimble swimmer 1), tentacles
a: no special abilities


You were on level 3 of the Dungeon.
You visited 1 branch of the dungeon, and saw 3 of its levels.

You collected 107 gold pieces.


Innate Abilities, Weirdness & Mutations

You cannot wear most types of armour.
You are amphibious.
You can wear up to eight rings at the same time.
Your skin changes colour to match your surroundings (Stealth+).
Your rubbery body absorbs attacks. (AC +1, EV +1)
((You are camouflaged when in or above water. (Stealth+)))
You have tentacles for arms and can constrict up to eight enemies at once.


   Skills:
 - Level 2.0 Dodging
 - Level 5.0 Stealth
 - Level 2.0 Spellcasting
 - Level 1.0 Transmutations
 + Level 6.3 Poison Magic


You had 5 spell levels left.
You knew the following spells:

 Your Spells              Type           Power      Damage    Failure   Level
a - Sting                 Tmut/Pois      60%        1d6       3%          1
b - Poisonous Vapours     Pois/Air       26%        N/A       7%          2

Your spell library contained the following spells:

 Spells                   Type           Power      Damage    Failure   Level
 Olgreb's Toxic Radiance  Pois           25%        N/A       13%         4
 Apportation              Tloc           2%         N/A       17%         1
 Ignite Poison            Fire/Tmut/Pois 11%        N/A       19%         3
 Mephitic Cloud           Conj/Pois/Air  9%         N/A       22%         3
 Conjure Flame            Conj/Fire      1%         6-21      45%         3
 Tukima's Dance           Hex            1%         N/A       45%         3
 Alistair's Intoxication  Tmut/Pois      10%        N/A       71%         5
 Passage of Golubria      Tloc           1%         N/A       86%         4
 Sticky Flame             Conj/Fire      1%         2d3       86%         4
 Yara's Violent Unravell  Hex/Tmut       1%         3d3       98%         5

Inventory:

Hand Weapons
 d - a +0 spear {polearm}
   (You took it off a gnoll on level 1 of the Dungeon)
 j - a +0 dagger of venom (weapon) {short}
   (You took it off Jessica on level 3 of the Dungeon)
Jewellery
 n - an amulet of magic regeneration (around mantle)
   (You found it on level 3 of the Dungeon)
Scrolls
 b - 2 scrolls of enchant weapon {unknown}
 c - 2 scrolls of identify {unknown}
 e - a scroll of fog {unknown}
 g - a scroll of teleportation {unknown}
 h - a scroll of vulnerability {unknown}
 i - 2 scrolls of amnesia {unknown}
 o - a scroll of magic mapping {unknown}
Potions
 a - a potion of magic
 f - 2 potions of flight {unknown}
 k - a potion of brilliance {unknown}
 l - a potion of lignification {unknown}
 m - a potion of degeneration {unknown}

Dungeon Overview and Level Annotations

Branches:
Dungeon (3/15) Zot: 14612

Altars:

Annotations:
D:2 Sigmund
D:3 Natasha

#†#........#.##
#.#.....##.##.##
#<#..........†.#
#.#.###.##.##..###
#.#....#.#.......#
#.#.....#...##.#.#
###.###...[..>.#####.#.#
...............# #.#.#
##.####5@......# #.#.##
........#h....######.....
##.####.#.......<...[>.##
#.#.#.#########..#
..#.#.# #..# #.#.#.# #..#
#.#.# #..## #.#.# #....
#.# #.##†


You could see Natasha (very poisoned) and a crimson imp (summoned).


Message History

No target in view!
No target in view!
No target in view!
You see here the felid corpse of Natasha.
There is a stone staircase leading up here.
Natasha, Servant of Life and Death comes into view.
Casting: Sting (safe; 4% risk of failure)
Confirm with . or Enter, or press ? or * to list all spells.
Aiming: Poisonous Vapours (safe; 8% risk of failure)
Press: ? - help, Dir - move target, f - Natasha
Aim: Natasha Poisonous vapours surround Natasha!
Natasha is poisoned.
MP[-2]
You lost 2 mp, and now have 6/8 mp.
Casting: Poisonous Vapours (safe; 8% risk of failure)
Confirm with . or Enter, or press ? or * to list all spells.
Aiming: Poisonous Vapours (safe; 8% risk of failure)
Press: ? - help, Dir - move target, f/p - Natasha
Aim: Natasha (poisoned) Poisonous vapours surround Natasha!
Natasha looks even sicker.
MP[-1]
You lost 1 mp, and now have 5/8 mp.
Casting: Poisonous Vapours (safe; 8% risk of failure)
Confirm with . or Enter, or press ? or * to list all spells.
Aiming: Poisonous Vapours (safe; 8% risk of failure)
Press: ? - help, Dir - move target, f/p - Natasha
Aim: Natasha (moderately wounded, very poisoned) Poisonous vapours surround Natasha!
Natasha looks even sicker.
Natasha casts a spell at you.
You feel yourself slow down.
MP[-2]
You lost 2 mp, and now have 3/8 mp.
MP[+1] Natasha claws you. x2
HP[-6] MP[+1]
You take 6 damage, and now have 25/31 hp.
You barely miss Natasha. Your grab misses Natasha.
Natasha casts a spell at you.
You feel as though you will be slow longer.
You closely miss Natasha. Your grab misses Natasha.
Your squeeze misses Natasha. Natasha casts a spell at you.
You feel as though you will be slow longer.
Natasha barely misses you.
MP[+1]
You hit Natasha.
Natasha looks even sicker.
You grab Natasha.
You constrict Natasha, but do no damage.
Natasha claws you.
HP[-5] MP[+1]
You take 5 damage, and now have 20/31 hp.
You hit Natasha but do no damage.
Natasha looks as sick as possible!
You squeeze Natasha.
You constrict Natasha, but do no damage.
You kill Natasha!
Natasha growls in agony!
MP[+1]
Your mp is fully restored (8).
No target in view!
Natasha, Servant of Life and Death comes into view.
HP[+3]
You regained 3 hp, and now have 23/31 hp.
Casting: Poisonous Vapours (safe; 7% risk of failure)
Confirm with . or Enter, or press ? or * to list all spells.
Aiming: Poisonous Vapours (safe; 7% risk of failure)
Press: ? - help, Dir - move target, f - Natasha
Aim: Natasha (wandering, hasn't noticed you) Poisonous vapours surround Natasha!
Natasha is poisoned.
Natasha hisses angrily.
Natasha casts a spell at you. The magic dart hits you.
HP[-4] MP[-2]
You take 4 damage, and now have 19/31 hp.
You lost 2 mp, and now have 6/8 mp.
Casting: Poisonous Vapours (safe; 7% risk of failure)
Confirm with . or Enter, or press ? or * to list all spells.
Aiming: Poisonous Vapours (safe; 7% risk of failure)
Press: ? - help, Dir - move target, f/p - Natasha
Aim: Natasha (lightly wounded, poisoned) Poisonous vapours surround Natasha!
Natasha looks even sicker.
Natasha mewls in sadness.
Natasha howls an incantation.
You feel troubled.
Natasha casts a spell.
MP[-1]
You lost 1 mp, and now have 5/8 mp.
The crimson imp blinks!
MP[+1] MP[+1] Natasha claws you.
* * * LOW HITPOINT WARNING * * *
The crimson imp barely misses you.
HP[-4]
You take 4 damage, and now have 15/31 hp.
You hit Natasha.
Natasha looks even sicker.
You grab Natasha. You constrict Natasha. Natasha claws you!
* * * LOW HITPOINT WARNING * * *
The crimson imp closely misses you.
Natasha howls an incantation.
Natasha shimmers violently.
Natasha claws you!
You die...

Skill      XL: |  1  2  3  4  5 |
---------------+----------------+-----
Stealth        | 3 4 5 |  5.0
Poison Magic   | 4 5 6 |  6.3
Dodging        | |  2.0
Spellcasting   | |  2.0
Transmutations | |  1.0

Action                   |  1- 3 |  4- 6 || total
-------------------------+-------+-------++-------
Melee: Unarmed           |     2 |       ||     2
       Spear             |    82 |    31 ||   113
       Constrict         |    16 |    13 ||    29
       Tentacles         |     9 |    10 ||    19
       Dagger            |       |    21 ||    21
       Punch             |       |     1 ||     1
 Cast: Sting             |     3 |     3 ||     6
       Poisonous Vapours |       |     5 ||     5
 Stab: Sleeping          |     8 |     5 ||    13
Armor: Skin              |     3 |     3 ||     6
Dodge: Dodged            |    30 |    40 ||    70

Levels and vault maps discovered:
D:1:      lemuel_arrival_rhombus, layout_basic, ebering_ecumenical_altar_rust,
          dreamdust_princess_bridge
D:2:      layout_loops_ring, glass_columns_a, minmay_misc_feat_tower,
          uniq_sigmund
D:3:      layout_loops_ring, mainiacjoe_overflow_six_doors_small, uniq_natasha,
          uniq_grinder, uniq_jessica

Notes
Turn   | Place    | Note
-------+----------+-------------------------------------------
     0 | D:1      | zeratav the Octopode Venom Mage began the quest for the
                  | Orb.
     0 | D:1      | Reached XP level 1. HP: 11/11 MP: 3/3
     0 | D:1      | magus.rc [v1.9.6]
    51 | D:1      | HP: 1/11 [frilled lizard (2)]
    54 | D:1      | Reached skill level 3 in Stealth
    54 | D:1      | Reached skill level 4 in Poison Magic
    54 | D:1      | Reached XP level 2. HP: 2/17 MP: 0/5
   458 | D:1      | Learned a level 2 spell: Poisonous Vapours
   483 | D:1      | Found a faded altar of an unknown god.
   661 | D:1      | You add the spells Tukima's Dance, Passage of Golubria and
                  | Yara's Violent Unravelling to your library.
   994 | D:1      | Reached XP level 3. HP: 15/21 MP: 6/6
  1145 | D:1      | Reached skill level 4 in Stealth
  1630 | D:1      | You add the spells Conjure Flame, Ignite Poison and Sticky
                  | Flame to your library.
  2105 | D:2      | Reached XP level 4. HP: 20/27 MP: 7/7
  2221 | D:2      | You pick up a book of Party Tricks and begin reading...
  2221 | D:2      | You add the spells Apportation and Alistair's Intoxication
                  | to your library.
  2267 | D:2      | Reached skill level 5 in Poison Magic
  2389 | D:2      | Noticed Sigmund
  2485 | D:2      | Reached skill level 5 in Stealth
  2830 | D:3      | Noticed Jessica
  2835 | D:3      | Killed Jessica
  2841 | D:3      | HP: 6/27 [poisoned by Jessica]
  3109 | D:3      | Reached XP level 5. HP: 31/31 MP: 8/8
  3171 | D:3      | Noticed Natasha
  3317 | D:3      | Killed Natasha
  3318 | D:3      | Reached skill level 6 in Poison Magic
  3323 | D:3      | Noticed Natasha
  3332 | D:3      | Killed Natasha
  3354 | D:3      | Noticed Natasha
  3360 | D:3      | HP: 6/31 [Natasha (9)]
  3360 | D:3      | Slain by Natasha

Vanquished Creatures
  Jessica (D:3)
  Natasha (twice) (D:3)
  3 adders (D:2)
  A gnoll (D:1)
  A worm (D:2)
  4 dart slugs
  8 bats
  2 endoplasms
  A giant cockroach (D:2)
  2 hobgoblins (D:1)
  4 quokkas
  5 ball pythons
  2 frilled lizards (D:1)
  3 goblins
  5 kobolds
  6 rats
50 creatures vanquished.

Table legend:
 A = Non-vault XP
 B = Vault XP
 C = Vault XP percentage of total XP
 D = Non-vault monster count
 E = Vault monster count
 F = Vault count percentage of total count
                 A         B        C        D         E       F
            +---------+---------+-------+---------+---------+-------
      Total |     168 |      73 |  30.3 |      48 |       2 |   4.0
            +---------+---------+-------+---------+---------+-------
        D:1 |      51 |       0 |   0.0 |      22 |       0 |   0.0
        D:2 |      75 |       0 |   0.0 |      19 |       0 |   0.0
        D:3 |      42 |      73 |  63.5 |       7 |       2 |  22.2
            +---------+---------+-------+---------+---------+-------

Illustrated notes

Table legend:
 A = Kills in this place as a percentage of kills in entire the game.
 B = Kills by you in this place as a percentage of kills by you in the entire game.
 C = Kills by friends in this place as a percentage of kills by friends in the entire game.
 D = Other kills in this place as a percentage of other kills in the entire game.
 E = Experience gained in this place as a percentage of experience gained in the entire game.
 F = Experience gained in this place divided by the number of levels of this place that you have seen.
                   A       B       C       D       E      F
               +-------+-------+-------+-------+-------+----------------------
         Total | 100.0 | 100.0 |   N/A |   N/A | 100.0 |  80.3
       Dungeon | 100.0 | 100.0 |   N/A |   N/A | 100.0 |  80.3
               +-------+-------+-------+-------+-------+----------------------

Table legend: (Time is in decaauts)
 A = Elapsed time spent in this place.
 B = Non-inter-level travel time spent in this place.
 C = Inter-level travel time spent in this place.
 D = Time resting spent in this place.
 E = Time spent auto-exploring this place.
 F = Levels seen in this place.
 G = Mean time per level.
                   A        B        C        D        E       F      G
               +--------+--------+--------+--------+--------+-----+--------+
         Total |   3386 |   3333 |     53 |    101 |   2884 |   3 | 1128.7 |
       Dungeon |   3386 |   3333 |     53 |    101 |   2884 |   3 | 1128.7 |
               +--------+--------+--------+--------+--------+-----+--------+

Top non-repeatable levels by time:
     D:1: 1732 daAuts
     D:2: 1107 daAuts
     D:3: 546 daAuts
